Map: Triton LE

Players

llllllllllll - Winner!

  • Race: Protoss Protoss
  • League: Master
  • Spawn Location: 5:00

Mez

  • Race: Terran Terran
  • League: Master
  • Spawn Location: 11:00

VOD

Have the link to the VOD?

Description

Time

  • Played on: Sept. 5, 2019, 5:32 a.m.
  • Length: 11:12
Show
View Real Time Build Order
Export as new Build Order

llllllllllll Protoss - Winner!

Build Orders: 1 Gate Expand, Zealot Archon 

Get SALT Encoding   

  12  0:00  Probe  
  13  0:13  Probe  
  14  0:17  Pylon  
  14  0:24  Probe  
  15  0:33  Probe  
  15  0:41  Gateway, Probe  
  16  0:49  Assimilator  
  17  0:51  Probe  
  18  1:03  Probe  
  19  1:15  Probe  
  20  1:29  Cybernetics Core  
  20  1:40  Nexus  
  20  1:47  Pylon, Probe  
  21  1:55  Adept, Assimilator  
  21  1:59  Probe  
  22  2:07  Warp Gate  
  24  2:11  Probe  
  25  2:15  Stalker  
  25  2:23  Probe  
  28  2:35  Probe  
  28  2:48  Probe  
  29  2:55  Probe, Robotics Facility  
  29  2:57  Twilight Council  
  30  3:00  Probe  
  31  3:11  Probe  
  32  3:17  Stalker  
  32  3:18  Probe  
  35  3:23  Probe  
  36  3:29  Gateway  
  36  3:30  Probe  
  37  3:43  Observer, Gateway  
  37  3:44  Probe  
  37  3:45  Shield Battery  
  33  3:48  Charge  
  39  3:52  Probe  
  40  3:56  Probe  
  40  4:00  Pylon  
  41  4:04  Probe  
  41  4:07  Pylon  
  41  4:08  Probe  
  43  4:16  Probe  
  44  4:20  Templar Archives, Probe  
  44  4:23  Pylon  
  45  4:24  Observer  
  45  4:28  Probe  
  45  4:29  Observer  
  45  4:30  Assimilator  
  46  4:32  Probe, Assimilator  
  46  4:38  Warp Prism  
  47  4:40  Psionic Storm, Probe  
  47  4:44  Probe  
  51  4:52  Probe  
  52  4:56  Probe  
  53  5:01  Forge  
  53  5:04  Probe  
  53  5:05  Pylon  
  54  5:09  Probe  
  54  5:13  Observer  
  55  5:19  High Templar x2  
  59  5:23  Probe  
  59  5:24  Protoss Ground Armor Level 1  
  60  5:39  Probe  
  60  5:42  Gateway  
  60  5:46  Gateway  
  60  5:47  Observer  
  61  5:50  Blink  
  61  5:57  Probe  
  62  6:07  Gateway  
  62  6:09  Gateway  
  62  6:11  Gateway  
  62  6:12  Pylon  
  62  6:14  Immortal  
  62  6:15  Pylon  
  66  6:26  Probe  
  66  6:27  Probe  
  66  6:30  Zealot x2  
  66  6:31  Zealot  
  74  6:36  Nexus  
  74  6:38  Pylon  
  74  6:39  High Templar  
  76  6:47  Photon Cannon  
  76  6:50  Photon Cannon, Probe  
  76  6:53  Immortal, Probe  
  82  6:59  High Templar  
  84  7:07  Protoss Ground Armor Level 2  
  84  7:12  Probe x2  
  86  7:18  Zealot  
  86  7:19  Zealot x6  
  100  7:29  Probe  
  101  7:32  Pylon  
  101  7:33  Observer  
  101  7:36  Pylon  
  99  7:40  High Templar  
  101  7:52  High Templar  
  101  7:54  High Templar x2  
  101  7:55  Zealot x2  
  101  7:56  Zealot x2  
  101  7:57  Archon  
  115  7:58  Archon  
  71  8:27  Zealot x2  
  71  8:28  Zealot x6  
  83  8:37  Immortal  
  87  8:48  Stalker x5  
  89  8:49  Stalker x3  
  103  9:11  Zealot  
  103  9:12  Zealot x7  
  119  9:27  Assimilator  
  119  9:29  Assimilator  
  119  9:36  Zealot x2  
  119  9:37  Zealot x5  
  131  10:02  Archon x2  
  131  10:10  Zealot x3  
  131  10:11  Zealot  
  105  10:31  High Templar x5  
  102  10:47  Zealot x3  
  84  11:11  Zealot x4  
Show
View Real Time Build Order
Export as new Build Order

Mez Terran 

Build Orders: Reaper Expand 

Get SALT Encoding   

  12  0:00  SCV  
  13  0:13  SCV  
  14  0:17  Supply Depot  
  14  0:25  SCV  
  15  0:38  SCV  
  15  0:41  Barracks  
  16  0:46  Refinery  
  16  0:50  SCV  
  17  1:03  SCV  
  18  1:15  SCV  
  19  1:29  Orbital Command, Reaper  
  20  1:41  Command Center  
  20  1:51  Bunker  
  20  1:55  SCV  
  21  2:01  Marine  
  22  2:09  SCV  
  22  2:13  Supply Depot  
  23  2:21  Barracks Reactor  
  24  2:40  Factory, SCV  
  24  2:41  Command Center  
  24  2:52  SCV  
  24  2:54  Orbital Command  
  24  2:57  Refinery  
  24  2:58  Marine  
  25  2:59  Marine  
  27  3:08  SCV  
  28  3:18  Marine x2  
  30  3:25  Widow Mine  
  32  3:27  Starport  
  32  3:29  SCV x2  
  34  3:36  Marine  
  34  3:37  Marine  
  34  3:41  SCV x2  
  37  3:47  Widow Mine  
  39  3:53  SCV  
  39  3:54  Orbital Command  
  40  3:56  Marine  
  40  3:57  Marine  
  40  4:01  SCV  
  43  4:05  Refinery, Starport Tech Lab, SCV  
  44  4:10  Factory Tech Lab  
  44  4:13  SCV  
  44  4:14  Marine  
  46  4:17  SCV  
  46  4:20  Barracks  
  46  4:21  Supply Depot  
  46  4:22  SCV  
  48  4:25  Raven  
  50  4:33  Marine x2  
  50  4:34  Siege Tank  
  50  4:36  SCV  
  50  4:37  SCV  
  58  4:38  SCV  
  58  4:48  SCV  
  58  4:49  SCV  
  58  4:51  Supply Depot  
  60  4:55  Barracks  
  60  4:56  SCV  
  60  4:58  Marine x2  
  63  5:00  SCV  
  63  5:02  SCV  
  65  5:08  SCV  
  65  5:14  Siege Tank, SCV x2  
  69  5:19  Starport Reactor  
  69  5:21  Stimpack  
  71  5:22  Marine x3  
  71  5:27  Supply Depot, Refinery  
  74  5:30  Supply Depot  
  74  5:31  SCV x2  
  76  5:38  SCV  
  77  5:45  Supply Depot  
  77  5:48  Engineering Bay x2  
  77  5:49  SCV  
  78  5:55  Barracks  
  78  5:56  Factory Reactor, Barracks  
  79  5:57  SCV x2  
  79  5:58  Combat Shield  
  79  6:00  Marauder x2, Marine x2  
  79  6:01  SCV  
  87  6:06  Supply Depot, Orbital Command  
  87  6:09  Supply Depot  
  87  6:14  SCV  
  87  6:18  Marine  
  86  6:22  Terran Infantry Armor Level 1, Terran Infantry Weapons Level 1  
  84  6:31  Marine  
  84  6:32  Marauder x2  
  89  6:36  Marine  
  89  6:43  SCV x2  
  89  6:44  Barracks Tech Lab, Barracks Reactor, Missile Turret  
  91  6:48  Supply Depot  
  91  6:50  Supply Depot  
  91  6:55  Missile Turret  
  91  7:00  SCV x3  
  94  7:03  Marauder x3, Marine x2  
  94  7:05  Refinery  
  94  7:06  Medivac  
  104  7:08  Ghost Academy  
  104  7:12  SCV  
  104  7:15  SCV x2  
  107  7:19  Concussive Shells  
  107  7:20  Medivac  
  107  7:22  Marine  
  109  7:23  Marine x3  
  109  7:24  SCV, Marine x2  
  109  7:27  SCV x2  
  118  7:36  SCV  
  119  7:39  SCV x2  
  121  7:47  Barracks  
  121  7:48  Enhanced Shockwaves, SCV  
  121  7:49  Supply Depot  
  122  7:51  SCV  
  122  7:52  SCV  
  124  8:00  SCV  
  114  8:18  Marauder x3, Marine x4  
  96  8:32  Medivac x2  
  100  8:34  Barracks  
  100  8:35  Barracks  
  100  8:36  Marine  
  100  8:37  Barracks  
  100  8:40  Marauder x3  
  101  8:43  Marine  
  101  8:44  Marine  
  101  8:45  Widow Mine x2  
  101  8:46  SCV x3  
  110  8:48  Refinery  
  110  8:50  Command Center  
  110  8:55  Armory  
  110  8:59  Starport  
  110  9:01  Marauder x2  
  110  9:03  Marauder, Marine x4  
  110  9:04  Medivac  
  110  9:05  Medivac  
  110  9:06  Widow Mine x2  
  115  9:18  SCV x2  
  115  9:21  Marine x2  
  115  9:22  Barracks Tech Lab  
  115  9:23  Barracks Tech Lab  
  123  9:25  Barracks Tech Lab  
  125  9:39  Starport Tech Lab  
  125  9:43  Fusion Core  
  125  9:46  Marauder x3, Marine x2  
  125  9:47  Marine x2  
  125  9:50  Unknown  
  125  9:51  Marauder, Unknown  
  139  9:53  Supply Depot, Unknown  
  139  9:54  Supply Depot  
  139  9:55  Supply Depot  
  139  9:56  Marauder  
  139  9:57  Supply Depot  
  139  9:58  Supply Depot, Liberator  
  120  10:07  Marauder  
  120  10:08  Marauder x2  
  115  10:14  Medivac  
  115  10:15  Medivac  
  115  10:19  Unknown  
  104  10:24  Marine x7  
  102  10:28  Marine x2  
  102  10:29  Marine  
  97  10:42  Marine x7  
  87  10:46  Marine x2  
Tags
 
Add a new tag
Caveats
  • Supply blocks, unpowered buildings, or Contaminate may cause inaccurate times.
  • Supply counts are checked every 10 seconds.